AoeStats
← Zumoshi

Arena

505454726Analyzed
1v1 RM · 24d ago on Sep 9, 2026· 22m 14s· 2 players
Game mode
Random Map
Map size
Tiny (2 player)
Population
200
Speed
Normal
Resources
Standard
Victory
Conquest
Starting age
Dark Age
Ending age
Imperial Age
RankedLock teamsTeams togetherTeam positionsShared explorationLock speedFull tech treeHidden civsTurbo modeCheats
Victory
Defeat
🇳🇿 Khmer · New Zealand
1144
+15
🇮🇱 Shu · Israel
1118
-15
Zumoshi
9:23 Loom
11:09 Feudal Age
15:32 Castle Age
13:52 Double-Bit Axe
15:10 Fletching
16:59 Bow Saw
19:08 Crossbowman
swissie
10:35 Feudal Age
13:38 Castle Age
11:58 Double-Bit Axe
12:18 Horse Collar
13:40 Loom
14:30 Bow Saw
18:01 Town Watch
18:22 Heavy Plow
Connection lost

Rejoining the realm…

Still unreachable

The connection could not be restored.

Session expired

The server has moved on; the page needs a fresh start.